 Dungeon Crawl Stone Soup version 0.30-a0-377-g5cb311bc9f (webtiles) character file.

Game seed: 1273030881369951934

7126 MackTheKnife the Grappler (level 10, -1/104 HPs)
             Began as a Troll Cinder Acolyte on Nov 30, 2022.
             Was a Priest of Ignis.
             Slain by a tentacled starspawn (17 damage)
             ... on level 4 of the Abyss.
             The game lasted 00:14:34 (7887 turns).

MackTheKnife the Grappler (Troll Cinder Acolyte)    Turns: 7887, Time: 00:14:34

Health: -1/104     AC: 19    Str: 24    XL:     10   Next: 85%
Magic:  13/13      EV:  8    Int: 16    God:    Ignis [***...]
Gold:   493        SH:  0    Dex:  9    Spells: 12/15 levels left

rFire   + + .      SeeInvis .      - Unarmed
rCold   + . .      Faith    .    (no shield)
rNeg    . . .      Spirit   .    U - +0 swamp dragon scales
rPois   +          Reflect  .    (helmet restricted)
rElec   +          Harm     .    w - +2 cloak
rCorr   +          Rampage  .    (gloves unavailable)
Will    .....                    (boots unavailable)
Stlth   ..........               t - amulet of the acrobat
HPRegen 1.17/turn                o - +6 ring of intelligence
MPRegen 0.13/turn                (no ring)

@: resistant, fiery-armoured
A: large, unfitting armour, claws 3, regeneration 1, shaggy fur 1, tough skin 1
a: Renounce Religion, Fiery Armour, Foxfire Swarm, Rising Flame


You were on level 4 of the Abyss.
You worshipped Ignis.
Ignis was most pleased with you.
You visited 1 branch of the dungeon, and saw 9 of its levels.
You visited the Abyss 1 time.

You collected 493 gold pieces.


Innate Abilities, Weirdness & Mutations

You are too large for most types of armour.
You have claws for hands.
Your natural rate of healing is unusually fast.
You are covered in fur. (AC +1)
You have tough skin. (AC +1)


   Skills:
 + Level 7.8 Fighting
 + Level 11.3 Unarmed Combat
 - Level 3.3 Spellcasting
 - Level 5.7 Summonings
 - Level 2.1 Fire Magic


You had 12 spell levels left.
You knew the following spells:

 Your Spells              Type           Power      Damage    Failure   Level
a - Call Canine Familiar  Summ           20%        N/A       9%          3

Your spell library contained the following spells:

 Spells                   Type           Power      Damage    Failure   Level
 Summon Small Mammal      Summ           80%        N/A       2%          1
 Scorch                   Fire           18%        2d5       17%         2
 Summon Guardian Golem    Hex/Summ       11%        N/A       26%         3
 Sandblast                Erth           4%         2d4       28%         1
 Shock                    Conj/Air       8%         1d3       28%         1
 Ensorcelled Hibernation  Hex/Ice        4%         N/A       41%         2
 Passwall                 Tmut/Erth      1%         N/A       41%         2
 Spider Form              Tmut/Pois      2%         N/A       65%         3
 Stone Arrow              Conj/Erth      4%         3d7       65%         3
 Swiftness                Air            2%         N/A       65%         3
 Airstrike                Air            1%         2d(1-17)  96%         4
 Anguish                  Hex/Necr       1%         N/A       96%         4
 Cause Fear               Hex            1%         N/A       96%         4
 Dragon Form              Tmut           1%         N/A       100%        7
 Dragon's Call            Summ           10%        N/A       100%        9

Inventory:

Missiles
 j - 3 stones (quivered) {throwing}
Armour
 a - a +0 robe
 q - a +1 robe
   (You took it off Sigmund on level 2 of the Dungeon)
 w - a +2 cloak (worn)
   (You found it on level 3 of the Dungeon)
 z - a +0 robe
   (You found it on level 8 of the Dungeon)
 D - a +0 robe
   (You took it off an orc wizard on level 5 of the Dungeon)
 E - a +0 robe
   (You took it off an orc wizard on level 5 of the Dungeon)
 F - a +0 robe
   (You took it off an orc wizard on level 5 of the Dungeon)
 J - +1 steam dragon scales
   (You found it on level 6 of the Dungeon)
 K - a +0 robe
   (You found it on level 6 of the Dungeon)
 L - a +0 robe
   (You took it off a wight on level 6 of the Dungeon)
 M - a +0 robe
   (You took it off a wight on level 6 of the Dungeon)
 O - a +0 robe
   (You took it off a wight on level 6 of the Dungeon)
 P - a +0 robe
   (You took it off a wight on level 6 of the Dungeon)
 Q - a +0 robe
   (You took it off a wight on level 6 of the Dungeon)
 U - +0 swamp dragon scales (worn)
   (You took it off Maggie on level 7 of the Dungeon)
 V - a +0 robe
   (You took it off an orc wizard on level 7 of the Dungeon)
 X - a +0 robe
   (You took it off an orc wizard on level 7 of the Dungeon)
 Y - a +1 cloak of stealth
   (You took it off Crazy Yiuf on level 7 of the Dungeon)
 Z - a +0 robe
   (You found it on level 8 of the Dungeon)
Magical Staves
 N - a staff of cold {!astaff}
   (You took it off a wight on level 6 of the Dungeon)
Jewellery
 i - an amulet of magic regeneration {@e2}
   (You found it on level 3 of the Dungeon)
 o - a +6 ring of intelligence (left claw)
   (You found it on level 2 of the Dungeon)
 t - an amulet of the acrobat (around neck)
   (You found it on level 3 of the Dungeon)
Wands
 y - a wand of flame (49)
   (You found it on level 4 of the Dungeon)
 H - a wand of light (10)
   (You found it on level 5 of the Dungeon)
Scrolls
 c - 2 scrolls of acquirement {unknown}
 h - 3 scrolls of fog {unknown}
 n - 3 scrolls of amnesia {unknown}
 r - 2 scrolls of magic mapping {!r}
 s - a scroll of vulnerability {unknown}
 u - a scroll of silence {unknown}
 v - 2 scrolls of fear {unknown}
 A - 3 scrolls of poison {unknown}
 I - a scroll of blinking {unknown}
 R - 2 scrolls of immolation {unknown}
 T - a scroll of noise {unknown}
 W - a scroll of brand weapon {unknown}
Potions
 b - a potion of might
 e - 2 potions of attraction {!q}
 k - 3 potions of curing {@q1}
 l - 4 potions of flight
 m - 2 potions of heal wounds {@q2}
 p - 3 potions of brilliance
 B - 2 potions of mutation {!q}

Dungeon Overview and Level Annotations

Branches:
Dungeon (9/15) Zot: 26751  Temple (0/1) D:7
   Lair: D:8-11         Orc: D:9-12

Altars:
Ashenzari
Fedhas
Trog
Uskayaw
Vehumet
Xom
Yredelemnul
The Shining One

Shops:
D:2 (

Annotations:
D:9 Erolcha

. #... . # ##
#.#..# # φ # .. .
. # ## #### .. .
# ##.#..#. # #.
.... ## #.
...#...#### ..#
...###..# ##.
........@##
#...#.#...w#X#
##.#.#.#..#V#>..#
. ##...####...##
# #.#.#.# #..#
### ... ... #.##.
..# #. #. ..# .#


You could see a tentacled starspawn and a starspawn tentacle.


Message History

You are confused.
You feel invigorated. 😮 HP[+3]
You regained 3 hp, and now have 54/104 hp. 😮 HP[+5]
You regained 5 hp, and now have 59/104 hp.
You feel less invigorated.
You feel less confused. 😮 HP[+4]
You regained 4 hp, and now have 63/104 hp.
Unknown command.
Unknown command.
A raiju comes into view.
The raiju barks!
You are no longer corroded.
The raiju bursts into living lightning!
The living lightning misses you.
The raiju blinks!
The raiju completely misses you.
You feel protected. The raiju bites you. The raiju shocks you. You resist.
The raiju is burned by your cloak of flames. 😮 HP[-7]
You take 7 damage, and now have 56/104 hp.
You miss the raiju. The raiju bites you but does no damage.
You claw the raiju! You closely miss the raiju. The raiju barely misses you.
A shadow comes into view.
You mangle the raiju!! The raiju bites you. The raiju shocks you. You resist.
* * * LOW HITPOINT WARNING * * *
The raiju is burned by your cloak of flames. 😨 HP[-5]
You take 5 damage, and now have 51/104 hp.
You miss the raiju. The raiju bites you but does no damage.
The raiju is burned by your cloak of flames.
You kill the raiju!
You closely miss the shadow. You barely miss the shadow.
Your claw misses the shadow.
The shadow slips into darkness.
The shadow flickers and vanishes!
Deactivating autopickup; reactivate with Ctrl-A.
You scratch something.
The shadow strikes at you from the darkness!
* * * LOW HITPOINT WARNING * * *
Reactivating autopickup.
The shadow is burned by your cloak of flames. 😱 HP[-28]
You take 28 damage, and now have 23/104 hp.
MASSIVE DAMAGE!! (PAUSE)
You barely miss the shadow.
You feel your health improve. The shadow closely misses you. 😱 HP[+1]
You scratch the shadow. The shadow closely misses you. 😱 HP[+1]
You closely miss the shadow. 😱 HP[+1]
You scratch the shadow.
A tentacled starspawn comes into view.
The shadow hits you.
The shadow is burned by your cloak of flames. 😨 HP[+1]
You mangle the shadow!!
You destroy the shadow!
The tentacled starspawn bites you but does no damage.
The tentacled starspawn is burned by your cloak of flames.
The tentacled starspawn tentacle-slaps you!
* * * LOW HITPOINT WARNING * * *
😱 HP[-6]
You take 6 damage, and now have 21/104 hp. 😱 HP[+1]
You mangle the tentacled starspawn!!
A tentacle flies out from the starspawn's body!
A starspawn tentacle comes into view. 😱 HP[+1]
You mangle the tentacled starspawn!! 😱 HP[+1]
You barely miss the tentacled starspawn.
The tentacled starspawn bites you but does no damage.
The tentacled starspawn tentacle-slaps you but does no damage.
The starspawn tentacle grabs you. The starspawn tentacle constricts you.
A starspawn tentacle comes into view. 😱 HP[+1]
You barely miss the tentacled starspawn.
The starspawn tentacle loses its grip on you.
The tentacled starspawn completely misses you.
The tentacled starspawn tentacle-slaps you.
* * * LOW HITPOINT WARNING * * *
The tentacled starspawn is burned by your cloak of flames.
The starspawn tentacle grabs you.
The starspawn tentacle constricts you. 😱 HP[-3]
You take 3 damage, and now have 22/104 hp.
You claw the tentacled starspawn!
The starspawn tentacle loses its grip on you.
The tentacled starspawn bites you!
* * * LOW HITPOINT WARNING * * *
The tentacled starspawn is burned by your cloak of flames.
The tentacled starspawn tentacle-slaps you!
You die...

Skill      XL: |  1  2  3  4  5  6  7  8  9 10 |
---------------+-------------------------------+-----
Unarmed Combat | 4 5 6 7 9 11 | 11.3
Summonings     | 2 4 5 |  5.7
Fighting       | 3 5 7 |  7.8
Spellcasting   | 3 |  3.3
Fire Magic     | |  2.1

Action                   |  1- 3 |  4- 6 |  7- 9 | 10-12 || total
-------------------------+-------+-------+-------+-------++-------
Melee: Unarmed           |   101 |    85 |   259 |   116 ||   561
       Punch             |     2 |     3 |    11 |     8 ||    24
 Cast: Call Canine Famil |       |       |     9 |     1 ||    10
Invok: Fiery Armour      |       |     1 |     2 |     2 ||     5
Evoke: Wand              |       |       |       |     1 ||     1
  Use: Scroll            |       |     8 |     5 |     4 ||    17
       Potion            |       |       |       |    11 ||    11
 Stab: Distracted        |       |       |     1 |       ||     1
Armor: Robe              |    31 |    21 |    45 |       ||    97
       Steam dragon scal |       |       |    29 |       ||    29
       Swamp dragon scal |       |       |    37 |    65 ||   102
       Skin              |       |       |       |    25 ||    25
Dodge: Dodged            |    34 |    30 |   117 |    65 ||   246

Levels and vault maps discovered:
D:1:      eino_arrival_cavern_a, layout_rooms
D:2:      layout_loops_cross, serial_shops, nicolae_shop_hallway_stairs,
          minmay_hexomino_c4, uniq_sigmund
D:3:      layout_loops_ring, mainiacjoe_overflow_brackets,
          grunt_temple_overflow_holy_war, shapermc_ecumenical_altar_hornbeckon,
          nrook_uturn
D:4:      layout_cave_pools, minitemple, dk_noncrumbling_2, uniq_menkaure
D:5:      layout_gridville
D:6:      layout_layer_cave, lemuel_tele_altar, mainiacjoe_overflow_24_doors,
          fountainhead
D:7:      layout_layer_cave, overflow_temple_1_default,
          minmay_temple_entry_statues_pillars, lemuel_flame_loot_1, uniq_maggie,
          uniq_crazy_yiuf_cottage
D:8:      layout_loops_ring
D:9:      minmay_the_grid_four_pointed_star
          [minmay_the_grid_triangle_9x9_shrine,
          minmay_the_grid_triangle_9x9_descending_squares,
          minmay_the_grid_triangle_9x9_tough_junction,
          minmay_the_grid_triangle_9x9_steps,
          minmay_the_grid_prize_shrinking_boxes], layout_cave_pools,
          lair_entry_dummy, minmay_statues_item,
          eino_small_chamber_without_monster, uniq_erolcha
Abyss:4:  base: D:3, guppyfry_abyss_exit_glass_guarded,
          nicolae_abyss_rune_left_handed, evilmike_abyss_exit_14,
          patterned_corridor, spicy_abyss_unhelpful_harpoons,
          gammafunk_abyss_rune_reverse_zot

Notes
Turn   | Place    | Note
-------+----------+-------------------------------------------
     0 | D:1      | MackTheKnife the Troll Cinder Acolyte began the quest for
                  | the Orb.
     0 | D:1      | Reached XP level 1. HP: 22/22 MP: 1/1
     0 | D:1      | magus.rc [v1.9.6]
     4 | D:1      | You pick up a book of Geomancy and begin reading...
     4 | D:1      | You add the spells Sandblast, Passwall and Stone Arrow to
                  | your library.
   107 | D:1      | You pick up a book of Callings and begin reading...
   107 | D:1      | You add the spells Summon Small Mammal, Call Canine
                  | Familiar and Summon Guardian Golem to your library.
   135 | D:1      | You pick up a book of Burglary and begin reading...
   135 | D:1      | You add the spells Ensorcelled Hibernation and Swiftness to
                  | your library.
   223 | D:1      | Reached XP level 2. HP: 29/29 MP: 2/2
   722 | D:2      | Reached skill level 4 in Unarmed Combat
   750 | D:2      | Reached XP level 3. HP: 36/36 MP: 3/3
  1029 | D:2      | You pick up a book of Air and begin reading...
  1029 | D:2      | You add the spells Shock and Airstrike to your library.
  1099 | D:2      | Found Tahacw Cateo's Antique Weapon Boutique.
  1136 | D:2      | Reached skill level 5 in Unarmed Combat
  1136 | D:2      | Reached XP level 4. HP: 37/44 MP: 4/4
  1165 | D:2      | Learned a level 3 spell: Call Canine Familiar
  1292 | D:2      | Noticed Sigmund
  1298 | D:2      | Killed Sigmund
  1299 | D:2      | Reached skill level 6 in Unarmed Combat
  1299 | D:2      | Reached XP level 5. HP: 50/50 MP: 5/5
  1566 | D:3      | Reached XP level 6. HP: 59/59 MP: 6/6
  1606 | D:3      | Found a basalt altar of Yredelemnul.
  1703 | D:3      | Reached skill level 7 in Unarmed Combat
  1894 | D:3      | Identified the +7 chain mail "Doteci" {Str+3 Int+5}
  1966 | D:3      | Found a faded altar of an unknown god.
  2027 | D:3      | Reached skill level 1 in Summonings
  2200 | D:3      | Found a glowing golden altar of the Shining One.
  2202 | D:3      | Noticed an angel
  2280 | D:3      | Found a hide-covered altar of Uskayaw.
  2532 | D:4      | Reached skill level 2 in Summonings
  2546 | D:4      | Noticed Menkaure
  2558 | D:4      | Killed Menkaure
  2559 | D:4      | Reached XP level 7. HP: 49/66 MP: 7/7
  2611 | D:4      | Found a bloodstained altar of Trog.
  2615 | D:4      | Found a broken altar of Ashenzari.
  2682 | D:4      | You pick up a book of Burglary and begin reading...
  2752 | D:4      | You pick up a book of the Dragon and begin reading...
  2752 | D:4      | You add the spells Cause Fear, Dragon Form and Dragon's
                  | Call to your library.
  2775 | D:4      | Reached skill level 3 in Summonings
  3118 | D:5      | Entered Level 5 of the Dungeon
  3168 | D:5      | Reached skill level 4 in Summonings
  3403 | D:5      | Reached skill level 3 in Fighting
  3520 | D:5      | Reached XP level 8. HP: 75/75 MP: 8/8
  4297 | D:6      | Found a shimmering altar of Xom.
  4325 | D:6      | Reached skill level 2 in Spellcasting
  4381 | D:6      | Reached skill level 5 in Summonings
  4622 | D:6      | Found a radiant altar of Vehumet.
  4923 | D:6      | Reached skill level 3 in Spellcasting
  4925 | D:6      | Reached XP level 9. HP: 80/83 MP: 7/12
  5112 | D:6      | You pick up a book of Dreams and begin reading...
  5112 | D:6      | You add the spells Spider Form and Anguish to your library.
  5207 | D:6      | Reached skill level 8 in Unarmed Combat
  5594 | D:7      | Reached skill level 4 in Fighting
  5618 | D:7      | Noticed Maggie
  5625 | D:7      | Killed Maggie
  5754 | D:7      | Reached skill level 5 in Fighting
  5920 | D:7      | Reached skill level 9 in Unarmed Combat
  5947 | D:7      | Found a staircase to the Ecumenical Temple.
  5990 | D:7      | Found a blossoming altar of Fedhas.
  6515 | D:7      | Found a runed translucent door.
  6516 | D:7      | Noticed Crazy Yiuf
  6601 | D:7      | Killed Crazy Yiuf
  6720 | D:8      | Reached XP level 10. HP: 98/98 MP: 13/13
  6725 | D:8      | Reached skill level 6 in Fighting
  6827 | D:8      | Reached skill level 10 in Unarmed Combat
  7013 | D:8      | Noticed a two-headed ogre
  7024 | D:8      | Killed a two-headed ogre
  7438 | D:8      | HP: 22/100 [troll (6)]
  7440 | D:8      | HP: 8/100 [orc/+0 flail (6)]
  7441 | D:8      | Reached skill level 7 in Fighting
  7658 | D:9      | Noticed Erolcha
  7672 | D:9      | You are cast into the Abyss!
  7672 | Abyss:2  | Cast into level 2 of the Abyss (Erolcha)
  7733 | Abyss:2  | Noticed a spatial maelstrom
  7740 | Abyss:2  | You are cast deeper into the Abyss!
  7758 | Abyss:3  | Reached skill level 11 in Unarmed Combat
  7797 | Abyss:3  | Noticed a large abomination
  7799 | Abyss:4  | Found a corrupted altar of Lugonu.
  7801 | Abyss:4  | Noticed an entropy weaver
  7806 | Abyss:4  | Noticed a tentacled starspawn
  7807 | Abyss:4  | Noticed a tentacled starspawn
  7812 | Abyss:4  | HP: 25/104 [entropy weaver (2)]
  7812 | Abyss:4  | Noticed an entropy weaver
  7813 | Abyss:4  | Noticed a tentacled starspawn
  7815 | Abyss:4  | Found a corrupted altar of Lugonu.
  7876 | Abyss:4  | HP: 23/104 [something (28)]
  7880 | Abyss:4  | Noticed a tentacled starspawn
  7881 | Abyss:4  | HP: 21/104 [tentacled starspawn (7)]
  7886 | Abyss:4  | HP: 22/104 [tentacled starspawn (3)]
  7887 | Abyss:4  | Slain by a tentacled starspawn

Vanquished Creatures
  A two-headed ogre (D:8)
  Maggie (D:7)
  An ancient zyme (Abyss:2)
  A hellwing (Abyss:2)
  A troll (D:8)
  4 raiju
  A shadow (Abyss:4)
  Sigmund (D:2)
  A wyvern (D:8)
  6 yaks (D:8)
  2 steam dragons (D:6)
  Menkaure (D:4)
  An acid dragon (D:9)
  An ice beast (D:6)
  An orc warrior (D:8)
  A sky beast (D:8)
  3 black bears
  4 centaurs
  2 phantoms
  A kobold brigand (D:8)
  3 bullfrogs
  A scorpion (D:6)
  5 wights (D:6)
  3 jellies
  6 killer bees (D:7)
  3 howler monkeys (D:7)
  5 orc priests
  Crazy Yiuf (D:7)
  3 hounds
  4 iguanas
  6 orc wizards
  11 gnolls
  10 adders
  2 ufetubi
  3 worms (D:2)
  2 dart slugs
  24 orcs
  8 endoplasms
  A giant cockroach (D:4)
  8 goblins
  7 hobgoblins
  3 jackals (D:5)
  3 quokkas
  3 ball pythons
  8 bats
  A frilled lizard (D:3)
  12 kobolds
  4 rats
185 creatures vanquished.

Vanquished Creatures (collateral kills)
  An ogre (D:5)
  A scorpion (D:5)
  A jelly (D:5)
  An orc wizard (D:5)
  A gnoll (D:6)
  3 orcs
8 creatures vanquished.

Vanquished Creatures (others)
  6 starspawn tentacles (Abyss:4)
6 creatures vanquished.

Grand Total: 199 creatures vanquished

Table legend:
 A = Non-vault XP
 B = Vault XP
 C = Vault XP percentage of total XP
 D = Non-vault monster count
 E = Vault monster count
 F = Vault count percentage of total count
                 A         B        C        D         E       F
            +---------+---------+-------+---------+---------+-------
      Total |    9315 |     865 |   8.5 |     181 |      12 |   6.2
            +---------+---------+-------+---------+---------+-------
        D:1 |      25 |       0 |   0.0 |      15 |       0 |   0.0
        D:2 |      92 |     249 |  73.0 |      21 |       9 |  30.0
        D:3 |     223 |       0 |   0.0 |      21 |       0 |   0.0
        D:4 |     105 |     165 |  61.1 |       8 |       1 |  11.1
        D:5 |    1165 |       0 |   0.0 |      36 |       0 |   0.0
        D:6 |    1385 |       0 |   0.0 |      23 |       0 |   0.0
        D:7 |    1138 |     451 |  28.4 |      23 |       2 |   8.0
        D:8 |    3069 |       0 |   0.0 |      24 |       0 |   0.0
        D:9 |     192 |       0 |   0.0 |       3 |       0 |   0.0
    Abyss:2 |     650 |       0 |   0.0 |       2 |       0 |   0.0
    Abyss:3 |     781 |       0 |   0.0 |       3 |       0 |   0.0
    Abyss:4 |     490 |       0 |   0.0 |       2 |       0 |   0.0
            +---------+---------+-------+---------+---------+-------

Illustrated notes

Table legend:
 A = Kills in this place as a percentage of kills in entire the game.
 B = Kills by you in this place as a percentage of kills by you in the entire game.
 C = Kills by friends in this place as a percentage of kills by friends in the entire game.
 D = Other kills in this place as a percentage of other kills in the entire game.
 E = Experience gained in this place as a percentage of experience gained in the entire game.
 F = Experience gained in this place divided by the number of levels of this place that you have seen.
                   A       B       C       D       E      F
               +-------+-------+-------+-------+-------+----------------------
         Total | 100.0 | 100.0 | 100.0 |   N/A | 100.0 | 848.3
       Dungeon |  96.4 |  96.2 | 100.0 |   N/A |  81.1 | 917.7
         Abyss |   3.6 |   3.8 |   0.0 |   N/A |  18.9 | 640.3
               +-------+-------+-------+-------+-------+----------------------

Table legend: (Time is in decaauts)
 A = Elapsed time spent in this place.
 B = Non-inter-level travel time spent in this place.
 C = Inter-level travel time spent in this place.
 D = Time resting spent in this place.
 E = Time spent auto-exploring this place.
 F = Levels seen in this place.
 G = Mean time per level.
                   A        B        C        D        E       F      G
               +--------+--------+--------+--------+--------+-----+--------+
         Total |   7793 |   7341 |    452 |    226 |   5774 |  12 |  649.4 |
       Dungeon |   7606 |   7154 |    452 |    205 |   5774 |   9 |  845.1 |
         Abyss |    187 |    187 |      0 |     21 |      0 |   3 |   62.3 |
               +--------+--------+--------+--------+--------+-----+--------+

Top non-repeatable levels by time:
     D:6: 1313 daAuts
     D:7: 1122 daAuts
     D:5: 1101 daAuts
     D:3: 891 daAuts
     D:8: 834 daAuts
     D:2: 815 daAuts
     D:4: 717 daAuts
     D:1: 678 daAuts
     D:9: 131 daAuts
 Abyss:4: 81 daAuts
 Abyss:2: 64 daAuts
 Abyss:3: 41 daAuts
